 Dungeon Crawl Stone Soup version 0.28-a0-850-g09de17f5b5 (webtiles) character file.

Game seed: 3286001079943990630

1372 funkygono the Firebug (level 8, -2/42 HPs)
             Began as a Gargoyle Fire Elementalist on Nov 13, 2021.
             Slain by a two-headed ogre (20 damage)
             ... on level 7 of the Dungeon.
             The game lasted 00:10:56 (6482 turns).

funkygono the Firebug (Gargoyle Fire Elementalist)  Turns: 6482, Time: 00:10:57

Health: -2/42      AC:  8    Str: 13    XL:     8   Next: 66%
Magic:  6/17       EV: 12    Int: 17    God:
Gold:   1215       SH:  0    Dex: 10    Spells: 9/19 levels left

rFire   . . .      SeeInvis .   j - +2 whip
rCold   + . .      Faith    .   (no shield)
rNeg    + . .      Spirit   .   a - +0 robe
rPois   ∞          Reflect  .   (no helmet)
rElec   +          Harm     .   (no cloak)
rCorr   .          Rampage  .   C - +0 pair of gloves
Will    +....                   (no boots)
Stlth   ++........              (no amulet)
HPRegen 0.14/turn               s - ring of willpower
MPRegen 0.15/turn               q - ring of protection from cold

@: no status effects
A: sickness immunity, AC +5, negative energy resistance 1, electricity
resistance, torment resistance 1, petrification resistance
a: no special abilities


You were on level 7 of the Dungeon.
You visited 2 branches of the dungeon, and saw 8 of its levels.

You collected 1215 gold pieces.

Inventory:

Hand Weapons
 j - a +2 whip (weapon)
Missiles
 g - 85 stones
 u - a throwing net
Armour
 a - a +0 robe (worn)
 C - a +0 pair of gloves (worn)
Magical Staves
 v - a staff of cold
Jewellery
 q - a ring of protection from cold (right hand)
 s - a ring of willpower (left hand)
Wands
 k - a wand of flame (22)
Scrolls
 i - 5 scrolls of teleportation
 t - a scroll of fear
Potions
 e - a potion of lignification
 f - a potion of heal wounds
 h - a potion of brilliance
 m - a potion of attraction
 n - 2 potions of haste
 p - a potion of curing {unknown}
 r - a potion of magic {unknown}
 w - a potion of flight {unknown}
 A - a potion of might {unknown}


   Skills:
 + Level 0.6 Fighting
 + Level 0.9 Maces & Flails
 + Level 2.0 Dodging
 - Level 2.1 Stealth
 * Level 6.4 Spellcasting
 * Level 4.5 Conjurations
 * Level 6.9 Fire Magic


You had 9 spell levels left.
You knew the following spells:

 Your Spells              Type           Power      Damage    Failure   Level
a - Foxfire               Conj/Fire      100%       2x1d9     1%          1
b - Scorch                Fire           58%        2d8       1%          2
c - Conjure Flame         Conj/Fire      25%        6-21      3%          3
d - Flame Wave            Conj/Fire      25%        3d6       12%         4

Your spell library contained the following spells:

 Spells                   Type           Power      Damage    Failure   Level
 Inner Flame              Hex/Fire       17%        N/A       9%          3
 Ensorcelled Hibernation  Hex/Ice        10%        N/A       19%         2
 Call Canine Familiar     Summ           5%         N/A       36%         3
 Frozen Ramparts          Ice            10%        1d3       36%         3
 Portal Projectile        Hex/Tloc       10%        N/A       36%         3
 Spider Form              Tmut/Pois      5%         N/A       36%         3
 Ice Form                 Ice/Tmut       5%         N/A       77%         4
 Leda's Liquefaction      Hex/Erth       2%         N/A       77%         4
 Summon Ice Beast         Ice/Summ       5%         N/A       77%         4


Dungeon Overview and Level Annotations

Branches:
Dungeon (7/15)             Temple (1/1) D:5

Altars:
Ashenzari
Cheibriados
Dithmenos
Elyvilon
Fedhas
Gozag
Hepliaklqana
Kikubaaqudgha
Makhleb
Okawaru
Qazlal
Sif Muna
Trog
Uskayaw
Wu Jian
Xom
Yredelemnul
Zin
The Shining One

Annotations:
D:5 3 runed translucent doors, NigelTetley's ghost, amateur FoAK
D:6 1 runed translucent door, Samaell's ghost, novice FoFi


Innate Abilities, Weirdness & Mutations

You are immune to sickness and miasma.
Your stone body is resilient. (AC +5)
You are immune to poison.
You resist negative energy. (rN+)
You are resistant to electric shocks. (rElec)
You are resistant to unholy torment.
You are immune to petrification.


Message History

The centaur zombie is severely damaged.
Unknown command.
Casting: Foxfire (safe; 1% risk of failure)
Confirm with . or Enter, or press ? or * to list all spells.
Flames lash the two-headed ogre.
The two-headed ogre is moderately wounded.
The two-headed ogre's fire resistance burns away.
The foxfire hits the centaur zombie.
The centaur zombie is severely damaged.
The foxfire hits the two-headed ogre but does no damage.
The two-headed ogre is moderately wounded.
The centaur zombie barely misses you.
The centaur zombie kicks you but does no damage.
Casting: Scorch (safe; 1% risk of failure)
Confirm with . or Enter, or press ? or * to list all spells.
Flames lash the two-headed ogre.
The two-headed ogre is burned terribly!
The two-headed ogre is heavily wounded.
The centaur zombie hits you. The centaur zombie closely misses you.
Unknown command.
The centaur zombie misses you. The centaur zombie closely misses you.
The centaur zombie barely misses you.
The centaur zombie kicks you but does no damage.
The two-headed ogre is no longer more vulnerable to fire.
Casting: Scorch (safe; 1% risk of failure)
Confirm with . or Enter, or press ? or * to list all spells.
Flames lash the two-headed ogre.
The two-headed ogre is severely wounded.
The two-headed ogre's fire resistance burns away.
The centaur zombie barely misses you.
The centaur zombie kicks you but does no damage.
Unknown command.
Unknown command.
Casting: Scorch (safe; 1% risk of failure)
Confirm with . or Enter, or press ? or * to list all spells.
Flames lash the centaur zombie.
You destroy the centaur zombie!
The two-headed ogre hits you with a +0 giant spiked club!!
Ouch! That really hurt!
The two-headed ogre hits you with a +0 giant club!!
You die...

#####
#...##
##....#
#....<#
#...O@#
##...##
#...##
######....#
..........#
....>.....#
..........#
....##...##
.... #...#


You could see a two-headed ogre (combustible).

Vanquished Creatures
  A steam dragon (D:6)
  A water moccasin (D:6)
  2 ice beasts (D:6)
  An ogre (D:4)
  3 necrophages
  A bullfrog (D:6)
  2 water moccasin skeletons
  A hound (D:3)
  2 centaur zombies
  An orc priest (D:6)
  2 jellies (D:6)
  2 iguanas
  3 orc wizards
  3 gnolls (D:5)
  2 adders (D:4)
  2 shadow imps (D:6)
  An ufetubus (D:5)
  An adder skeleton (D:4)
  3 dart slugs
  11 orcs
  10 endoplasms
  3 giant cockroaches
  6 hobgoblins
  2 jackals (D:3)
  2 quokkas
  4 ball pythons
  3 bats
  5 frilled lizards
  8 goblins
  6 kobolds
  6 rats
100 creatures vanquished.

Vanquished Creatures (collateral kills)
  16 foxfires (D:3)
16 creatures vanquished.

Vanquished Creatures (others)
  343 foxfires
343 creatures vanquished.

Grand Total: 459 creatures vanquished

Notes
Turn   | Place    | Note
-------+----------+-------------------------------------------
     0 | D:1      | funkygono the Gargoyle Fire Elementalist began the quest
                  | for the Orb.
     0 | D:1      | Reached XP level 1. HP: 10/10 MP: 3/3
   273 | D:1      | Reached XP level 2. HP: 15/15 MP: 3/5
   298 | D:1      | Learned a level 2 spell: Scorch
  1235 | D:2      | Reached XP level 3. HP: 19/19 MP: 3/6
  1239 | D:2      | Learned a level 3 spell: Conjure Flame
  1503 | D:2      | Found a faded altar of an unknown god.
  2303 | D:3      | Found a stormy altar of Qazlal.
  2441 | D:3      | Reached XP level 4. HP: 18/24 MP: 2/8
  2561 | D:3      | Noticed a necrophage
  2580 | D:3      | Killed a necrophage
  2581 | D:3      | Reached XP level 5. HP: 28/28 MP: 2/10
  3118 | D:3      | Found an ornate altar of the Wu Jian Council.
  3169 | D:3      | Reached XP level 6. HP: 20/32 MP: 0/11
  3174 | D:3      | Learned a level 4 spell: Flame Wave
  3799 | D:4      | Noticed a necrophage
  3806 | D:4      | Killed a necrophage
  3863 | D:4      | Reached skill level 5 in Fire Magic
  3863 | D:4      | Reached XP level 7. HP: 36/36 MP: 5/14
  4266 | D:5      | Entered Level 5 of the Dungeon
  4272 | D:5      | Reached skill level 5 in Spellcasting
  4333 | D:5      | Noticed NigelTetley's ghost (amateur FoAK)
  4334 | D:5      | Found a runed translucent gate.
  4431 | D:5      | Found a runed translucent gate.
  4432 | D:5      | Found a runed translucent gate.
  4464 | D:5      | Found an iron altar of Okawaru.
  4507 | D:5      | Found a staircase to the Ecumenical Temple.
  4558 | Temple   | Entered the Ecumenical Temple
  5020 | D:6      | Noticed a steam dragon
  5027 | D:6      | Killed a steam dragon
  5028 | D:6      | Reached XP level 8. HP: 2/42 MP: 6/16
  5637 | D:6      | Found a runed translucent door.
  5637 | D:6      | Noticed Samaell's ghost (novice FoFi)
  6385 | D:6      | Identified a scroll of acquirement
  6403 | D:6      | Acquired 971 gold pieces
  6469 | D:7      | Noticed a two-headed ogre
  6482 | D:7      | Slain by a two-headed ogre

Illustrated notes

Levels and vault maps discovered:
D:1:      eino_arrival_cavern_b, layout_loops_corners
D:2:      layout_loops_ring, hellmonk_ecumenical_altar_leap_of_faith
D:3:      layout_rooms, mainiacjoe_overflow_catch_the_wave
D:4:      layout_rooms, chequers_serial_rivers_micro_d
D:5:      layout_cave_pools, okawaru_trees_2, minmay_temple_entry_large_hall,
          ebering_ghost_rock_garden
D:6:      layout_basic, gammafunk_ghost_grave, minmay_between
D:7:      layout_gridville, gammafunk_ghost_berserking_beasts,
          due_unseen_surprise, uniq_crazy_yiuf_cottage
Temple:   compressed_dpeg_circular_temple

Skill      XL: |  1  2  3  4  5  6  7  8 |
---------------+-------------------------+-----
Spellcasting   | 3 4 5 6 |  6.4
Fire Magic     | 4 5 6 |  6.9
Conjurations   | 2 3 4 |  4.5
Dodging        | 2 |  2.0
Fighting       | |  0.6
Maces & Flails | |  0.9
Stealth        | |  2.1

Action                   |  1- 3 |  4- 6 |  7- 9 || total
-------------------------+-------+-------+-------++-------
Melee: Club              |     5 |       |       ||     5
       Whip              |     1 |    30 |    11 ||    42
 Cast: Foxfire           |    53 |    64 |    94 ||   211
       Scorch            |    11 |    11 |    14 ||    36
  Use: Scroll            |       |       |    17 ||    17
Armor: Robe              |     9 |    12 |    15 ||    36
Dodge: Dodged            |    11 |    22 |    20 ||    53

Table legend: (Time is in decaauts)
 A = Elapsed time spent in this place.
 B = Non-inter-level travel time spent in this place.
 C = Inter-level travel time spent in this place.
 D = Time resting spent in this place.
 E = Time spent auto-exploring this place.
 F = Levels seen in this place.
 G = Mean time per level.
                   A        B        C        D        E       F      G
               +--------+--------+--------+--------+--------+-----+--------+
         Total |   6487 |   6332 |    155 |    617 |   4824 |   8 |  810.9 |
       Dungeon |   6397 |   6252 |    145 |    617 |   4763 |   7 |  913.9 |
        Temple |     89 |     80 |      9 |      0 |     61 |   1 |   89.0 |
               +--------+--------+--------+--------+--------+-----+--------+

Top non-repeatable levels by time:
     D:6: 1330 daAuts
     D:1: 1232 daAuts
     D:3: 1171 daAuts
     D:2: 1005 daAuts
     D:4: 861 daAuts
     D:5: 776 daAuts
  Temple: 89 daAuts
     D:7: 19 daAuts
